 Dungeon Crawl Stone Soup version 0.21.1-1-g345015fe64 (webtiles) character file.

29 Holzbalken the Slasher (level 3, 0/27 HPs)
             Began as a Vampire Gladiator on July 10, 2018.
             Succumbed to an adder's poison
             ... on level 1 of the Dungeon.
             The game lasted 00:03:45 (827 turns).

Holzbalken the Slasher (Vampire Gladiator)           Turns: 827, Time: 00:03:46

Health: 0/27       AC:  4    Str: 13    XL:     3   Next: 1%
Magic:  3/3        EV: 13    Int: 10    God:
Gold:   87         SH:  0    Dex: 16    Spells: 2/2 levels left

rFire    . . .     SeeInvis +   a - +0 long sword
rCold    . . .     Gourm    .   (no shield)
rNeg     + . .     Faith    .   b - +0 leather armour
rPois    .         Spirit   .   c - +0 helmet
rElec    .         Reflect  .   (no cloak)
rCorr    .         Harm     .   (no gloves)
MR       .....                  (no boots)
Stlth    +.........             (no amulet)
HPRegen  0.09/turn              (no ring)
MPRegen  0.08/turn              (no ring)

@: lethally poisoned (0 -> -5)
A: fangs 3, see invisible, unbreathing
a: Bat Form


You were on level 1 of the Dungeon.
You were not thirsty.

You visited 1 branch of the dungeon, and saw 2 of its levels.

You collected 87 gold pieces.

Inventory:

Hand Weapons
 a - a +0 long sword (weapon)
Missiles
 d - 3 throwing nets (quivered)
Armour
 b - a +0 leather armour (worn)
 c - a +0 helmet (worn)
 f - a +0 helmet
Jewellery
 g - an uncursed amulet of regeneration {unknown}
 h - an uncursed ring of ice {unknown}
Scrolls
 i - 2 scrolls of identify {unknown}
 j - a scroll of blinking {unknown}
 k - 2 scrolls of remove curse {unknown}
 l - a scroll of fog {unknown}
 m - a scroll of fear {unknown}
 n - a scroll of immolation {unknown}
 o - a scroll of teleportation {unknown}
 p - a scroll of enchant weapon {unknown}
Potions
 e - 8 potions of blood
 q - 2 potions of heal wounds {unknown}


   Skills:
 - Level 1.7 Fighting
 + Level 4.2 Long Blades
 - Level 1.5 Throwing
 - Level 3.3 Dodging


You had 2 spell levels left.
You didn't know any spells.

Dungeon Overview and Level Annotations

Branches:
Dungeon (2/15)

Altars:


Innate Abilities, Weirdness & Mutations

You have razor-sharp teeth.
You have supernaturally acute eyesight. (SInv)
You can survive without breathing.


Message History

There is a stone staircase leading down here.
You closely miss the adder. Your bite misses the adder.
The adder is almost dead.
The adder bites you but does no damage. The adder bites you.
* * * LOW HITPOINT WARNING * * *
You closely miss the adder.
The adder is almost dead.
The adder bites you.
* * * LOW HITPOINT WARNING * * *
You are lethally poisoned!
The adder poisons you!
You hit the adder.
You kill the adder!
Your Long Blades skill increases to level 4!
You have reached level 3!
Your experience leads to an increase in your attributes!
Increase (S)trength, (I)ntelligence, or (D)exterity?
You feel agile.
You can now transform into a vampire bat.
You die...

#.##.#.##...# #.##.#.##...#
#.##.#.##...# #.##.#.##...#
#.##.#.##...#########
#.##.#.##........(...
##########.##.#.##...#########
#...............###+#รท........
#.########.##@...........#####
#.#.........#.#####.#.#.......
#.#.######..#.# #.#.#..#####
#.#.# #..#.# #.#.#....... #.#.#
#..#.# #.#.#....... #.#.#
#..#.# #.#.#.#.#### #.#.#
#..#.# #.#(#....... #.#.#
#.(#.# #.#...#..###
#.#.######..#.# #.#.........


There were no monsters in sight!

Vanquished Creatures
  An adder (D:1)
  2 leopard geckos (D:1)
  3 giant cockroaches (D:1)
  A goblin (D:1)
  3 hobgoblins (D:1)
  2 kobolds
  A ball python (D:2)
  2 bats (D:1)
  A frilled lizard (D:1)
  2 rats (D:1)
18 creatures vanquished.

Notes
Turn   | Place    | Note
-------+----------+-------------------------------------------
     0 | D:1      | Holzbalken the Vampire Gladiator began the quest for the Orb.
     0 | D:1      | Reached XP level 1. HP: 16/16 MP: 1/1
   184 | D:1      | Reached XP level 2. HP: 22/22 MP: 2/2
   825 | D:1      | HP: 1/22 [adder (1)]
   827 | D:1      | Reached skill level 4 in Long Blades
   827 | D:1      | Reached XP level 3. HP: 1/27 MP: 3/3
   827 | D:1      | Succumbed to an adder's poison

Skill      XL: |  1  2 |
---------------+-------+-----
Long Blades    | 4 |  4.2
Fighting       | |  1.7
Throwing       | |  1.5
Dodging        | |  3.3

Action                   || total
-------------------------++-------
Melee: Long sword        ||    52
       Bite              ||     4
Armor: Leather armour    ||    15
Dodge: Dodged            ||    38
       Rpst.: Long sword ||    12
